AoeStats
← Gim

Black Forest

510095795Analyzed
4v4 RM · 22h ago on Sep 29, 2026· 39m 9s· 8 players
Game mode
Random Map
Map size
Large (8 player)
Population
200
Speed
Normal
Resources
Standard
Victory
Conquest
Starting age
Dark Age
Ending age
Imperial Age
RankedLock teamsTeams togetherTeam positionsShared explorationLock speedFull tech treeHidden civsTurbo modeCheats
Victory
Defeat
🇨🇳 Turks · China
1159
+16
🇮🇳 Italians · India
1125
+18
🇨🇳 Huns · China
1121
+18
🇨🇳 Danes · China
1043
+21
🇺🇸 Chinese · United States
1186
-19
🇨🇳 Britons · China
1171
-19
🇳🇱 Bohemians · Netherlands
1144
-18
🇦🇷 Franks · Argentina
1135
-17
Vector
0:32 Loom
11:46 Feudal Age
12:49 Double-Bit Axe
17:47 Castle Age
23:30 Horse Collar
26:01 Fletching
27:44 Gold Mining
30:56 Imperial Age
28:48 Bodkin Arrow
29:22 Ballistics
30:17 Fortified Wall
31:07 Padded Archer Armor
32:59 Chemistry
33:20 Conscription
33:24 Thumb Ring
32:44 Elite Skirmisher
35:31 Bombard Tower
35:02 Guard Tower
35:28 Stone Mining
36:53 Onager
38:04 Bracer
38:20 Leather Archer Armor
easymoney
12:15 Feudal Age
17:49 Castle Age
29:57 Double-Bit Axe
29:54 Horse Collar
30:56 Bow Saw
33:57 Heavy Plow
波波菜FV
1:44 Loom
11:53 Feudal Age
13:35 Double-Bit Axe
16:37 Castle Age
14:31 Horse Collar
15:10 Gold Mining
17:41 Bow Saw
18:19 Heavy Plow
19:58 Stone Mining
30:06 Imperial Age
28:38 Gold Shaft Mining
28:55 Wheelbarrow
28:52 Forging
28:48 Scale Barding Armor
29:54 Hand Cart
31:08 Iron Casting
30:53 Chain Barding Armor
30:08 Cavalier
30:49 Husbandry
30:59 Bloodlines
31:55 Two-Man Saw
32:49 Blast Furnace
31:18 Paladin
34:58 Plate Barding Armor
36:08 Squires
35:30 Pikeman
37:11 Scale Mail Armor
38:50 Chain Mail Armor
rh90o5cjnqg4
0:28 Loom
12:48 Feudal Age
17:58 Castle Age
16:32 Horse Collar
18:53 Double-Bit Axe
26:24 Heavy Plow
26:36 Bow Saw
31:44 Imperial Age
29:53 Gold Mining
29:54 Stone Mining
31:34 Wheelbarrow
31:51 Gold Shaft Mining
31:52 Stone Shaft Mining
33:49 Heavy Scorpion
CentreColonel41
0:31 Loom
11:58 Feudal Age
17:30 Castle Age
15:34 Double-Bit Axe
15:45 Horse Collar
15:58 Stone Mining
17:30 Gold Mining
19:18 Wheelbarrow
19:04 Bow Saw
21:37 Hand Cart
25:11 Heavy Plow
32:11 Imperial Age
30:49 Fletching
31:00 Padded Archer Armor
31:46 Gold Shaft Mining
33:30 Conscription
33:39 Rocketry
33:28 Thumb Ring
34:20 Bodkin Arrow
34:40 Leather Archer Armor
34:37 Forging
34:27 Scale Mail Armor
34:33 Scale Barding Armor
35:38 Two-Man Saw
35:30 Pikeman
36:11 Squires
36:42 Bloodlines
36:33 Husbandry
36:34 Halberdier
BlandToaster625
4:32 Loom
11:21 Feudal Age
12:57 Wheelbarrow
15:44 Castle Age
13:53 Double-Bit Axe
13:52 Horse Collar
14:42 Fishing Lines
16:49 Bow Saw
17:37 Gillnets
28:45 Imperial Age
27:21 Caravan
30:10 Chemistry
29:47 Wheelbarrow
28:57 Town Watch
30:11 Houfnice
30:56 Town Patrol
32:28 Hand Cart
33:20 Two-Man Saw
34:30 Coinage
34:10 Guilds
34:47 Pikeman
35:27 Squires
35:50 Forging
35:40 Scale Mail Armor
36:04 Scale Mail Armor
36:00 Halberdier
37:46 Iron Casting
37:27 Chain Mail Armor
Gim
1:08 Loom
10:25 Feudal Age
11:08 Double-Bit Axe
12:43 Fletching
15:41 Wheelbarrow
22:42 Castle Age
21:15 Padded Archer Armor
21:17 Horse Collar
23:16 Crossbowman
24:00 Bodkin Arrow
27:52 Gold Mining
28:42 Heavy Plow
33:13 Imperial Age
31:46 Bow Saw
33:38 Gold Shaft Mining
33:58 Hand Cart
34:22 Conscription
33:43 Arbalester
36:09 Ballistics
36:11 Bracer
37:28 Leather Archer Armor
38:15 Chemistry
38:40 Yeomen
38:43 Conscription
KZA
4:47 Loom
12:03 Feudal Age
16:36 Castle Age
15:31 Double-Bit Axe
20:23 Bow Saw
23:10 Fishing Lines
27:26 Gillnets
31:53 Imperial Age
30:40 Wheelbarrow
30:32 Scale Barding Armor
30:38 Forging
32:09 Chain Barding Armor
32:25 Hand Cart
32:00 Cavalier
32:41 Husbandry
33:18 Iron Casting
35:51 Plate Barding Armor
36:16 Blast Furnace
35:43 Siege Engineers
37:09 Paladin
Connection lost

Rejoining the realm…

Still unreachable

The connection could not be restored.

Session expired

The server has moved on; the page needs a fresh start.